 Dungeon Sprint DCSS version 0.23.2-1-ga50397a6bc (webtiles) character file.

Game seed: 6955444584818264640

3826 Kobolds4U the Imperceptible (level 9, -10/72 HPs)
             Began as a Spriggan Assassin on May 29, 2019.
             Was a Priest of Trog.
             Splashed by an oklob plant's acid (13 damage)
             ... in the Dungeon (Sprint I: "Red Sonja").
             The game lasted 00:07:05 (894 turns).

Kobolds4U the Imperceptible (Spriggan Assassin)      Turns: 894, Time: 00:07:07

Health: -10/72     AC: -1    Str: 12    XL:     9   Next: 97%
Magic:  10/10      EV: 32    Int: 17    God:    Trog [***...]
Gold:   463        SH:  7    Dex: 20    Spells: 8/8 levels left

rFire    . . .     SeeInvis +   a - +2 dagger
rCold    . . .     Gourm    .   p - +0 buckler of the Ward {rN+ Int+4 Slay+3}
rNeg     + . .     Faith    .   c - +0 robe
rPois    .         Spirit   .   (helmet restricted)
rElec    .         Reflect  .   d - +0 cloak
rCorr    .         Harm     .   (gloves unavailable)
MR       +++..     NoTele   +   (boots unavailable)
Stlth    ..........             (no amulet)
HPRegen  1.22/turn              (no ring)
MPRegen  0.12/turn              (no ring)

@: berserking (expiring), corroded, regenerating, very quick
A: very small, unfitting armour, see invisible, herbivore, speed 3, slow
metabolism 2
a: Berserk, Trog's Hand, Renounce Religion


You were in the Dungeon.
You worshipped Trog.
Trog was most pleased with you.
You were not hungry.

You visited 1 branch You collected 976 gold pieces.
You spent 513 gold pieces at shops.

Inventory:

Hand Weapons
 a - a +2 dagger (weapon)
 b - a +0 blowgun
 m - a +0 shortbow
 s - a +1 short sword of venom
Missiles
 e - 7 poisoned needles
 f - 12 curare-tipped needles
 o - 66 arrows
Armour
 c - a +0 robe (worn)
 d - a +0 cloak (worn)
 p - the +0 buckler of the Ward (worn) {rN+ Int+4 Slay+3}
   (You bought it in a shop in the Dungeon)

   It affects your intelligence (+4).
   It affects your accuracy and damage with ranged weapons and melee attacks
   (+3).
   It protects you from negative energy.
Wands
 n - a wand of random effects (19)
Scrolls
 q - a scroll of identify {unknown}
Potions
 h - 3 potions of curing
 i - a potion of heal wounds
 j - a potion of haste
 k - 2 potions of magic
 l - a potion of berserk rage
 r - a potion of agility {unknown}
Comestibles
 g - 3 rations


   Skills:
 - Level 6.1 Fighting
 + Level 7.7 Short Blades
 - Level 2.0 Throwing
 - Level 15.4 Dodging
 + Level 23.8 Stealth
 * Level 3.1 Shields


You had 8 spell levels left.
You didn't know any spells.
Your spell library was empty.

Dungeon Overview and Level Annotations

Branches:
Dungeon (1/1)

Altars:
Cheibriados
Dithmenos
Elyvilon
Fedhas
Gozag
Hepliaklqana
Kikubaaqudgha
Makhleb
Nemelex Xobeh
Okawaru
Qazlal
Ru
Sif Muna
Trog
Uskayaw
Vehumet
Wu Jian
Xom
Yredelemnul
Zin
The Shining One
Jiyva
Lugonu

Shops:
D %[[

Annotations:
D exclusion: oklob plant


Innate Abilities, Weirdness & Mutations

You are very small and have problems with some larger weapons.
You are too small for most types of armour.
You have supernaturally acute eyesight. (SInv)
You are a herbivore.
You cover ground extremely quickly.
You need to consume almost no food.


Message History

You hit the oklob plant but do no damage.
The oklob plant is moderately damaged.
You hit the oklob plant but do no damage.
The oklob plant is moderately damaged.
You puncture the oklob plant!
The oklob plant is heavily damaged.
The oklob plant spits acid at you. The splash of acid hits you!
You are splashed with acid!
* * * LOW HITPOINT WARNING * * *
You hit the oklob plant.
The oklob plant is heavily damaged.
You hit the oklob plant.
The oklob plant is heavily damaged.
You hit the oklob plant but do no damage.
The oklob plant is heavily damaged.
The oklob plant spits acid at you. The splash of acid hits you!
* * * LOW HITPOINT WARNING * * *
The acid corrodes you!
You are splashed with acid!
You die...

###################
..#.)'..#__#..sss)#
.)'..#..+..+s.#...##+#
#'#####'#__####).s's.#
..#...#[####§§#####..+
###..##.#§≈§§.#..# ##
__##+#_.'§§§§.'..#
...+..._#§§≈§§#..#
__##_.#'##+#####@#
__###+#.#...|###P+
#####.####§###|###
...'...'.§§§.')∩#
####.).##########
###.### #.#'#.#
#.....# #.....#


You could see an oklob plant.

Vanquished Creatures
  2 centaur warriors (D)
  Sonja (D)
  A deep troll (D)
  2 kobold demonologists (D)
  A hornet (D)
  A slime creature (D)
  Sigmund (D)
  A yak (D)
  A floating eye (D)
  An ogre (D)
  A jelly (D)
  Ijyb (D)
  2 ballistomycetes (D)
  A ballistomycete spore (D)
17 creatures vanquished.

Vanquished Creatures (others)
  A gargoyle (D)
  A ballistomycete spore (D)
2 creatures vanquished.

Grand Total: 19 creatures vanquished

Notes
Turn   | Place    | Note
-------+----------+-------------------------------------------
     0 | D        | Kobolds4U the Spriggan Assassin began the quest for the
                  | Orb.
     0 | D        | Reached XP level 1. HP: 10/10 MP: 2/2
     1 | D        | Noticed Ijyb
    29 | D        | Killed Ijyb
    29 | D        | Reached skill level 10 in Stealth
    29 | D        | Reached XP level 2. HP: 14/14 MP: 3/3
    42 | D        | Noticed an ogre
    45 | D        | Killed an ogre
    45 | D        | Reached skill level 14 in Stealth
    45 | D        | Reached XP level 3. HP: 18/18 MP: 4/4
    45 | D        | Reached XP level 4. HP: 22/22 MP: 5/5
    55 | D        | Noticed Sigmund
    58 | D        | Killed Sigmund
    58 | D        | Reached skill level 18 in Stealth
    58 | D        | Reached XP level 5. HP: 25/25 MP: 6/6
    71 | D        | Found a burning altar of Makhleb.
    71 | D        | Found a viscous altar of Jiyva.
    71 | D        | Found a shimmering altar of Xom.
    71 | D        | Found a corrupted altar of Lugonu.
    71 | D        | Noticed a slime creature
    74 | D        | Killed a slime creature
    74 | D        | Reached skill level 20 in Stealth
    74 | D        | Reached XP level 6. HP: 30/30 MP: 7/7
    77 | D        | Found an ornate altar of the Wu Jian Council.
    77 | D        | Found a deep blue altar of Sif Muna.
    79 | D        | Found a radiant altar of Vehumet.
   114 | D        | Found Xigeori's Armour Emporium.
   114 | D        | Found an ancient bone altar of Kikubaaqudgha.
   114 | D        | Found a hazy altar of Hepliaklqana.
   114 | D        | Found a stormy altar of Qazlal.
   114 | D        | Found a hide-covered altar of Uskayaw.
   114 | D        | Found a blossoming altar of Fedhas.
   114 | D        | Found a bloodstained altar of Trog.
   114 | D        | Found an iron altar of Okawaru.
   114 | D        | Found a basalt altar of Yredelemnul.
   114 | D        | Found a glowing golden altar of the Shining One.
   114 | D        | Found a snail-covered altar of Cheibriados.
   114 | D        | Found a sacrificial altar of Ru.
   114 | D        | Found a glowing silver altar of Zin.
   114 | D        | Found a shadowy altar of Dithmenos.
   114 | D        | Found a white marble altar of Elyvilon.
   114 | D        | Noticed a yak
   115 | D        | Found an opulent altar of Gozag.
   116 | D        | Killed a yak
   116 | D        | Reached skill level 21 in Stealth
   116 | D        | Reached XP level 7. HP: 33/33 MP: 8/8
   117 | D        | Found a sparkling altar of Nemelex Xobeh.
   127 | D        | Became a worshipper of Trog the Wrathful
   137 | D        | Noticed a centaur warrior
   139 | D        | Noticed a centaur warrior
   140 | D        | Killed a centaur warrior
   140 | D        | Reached skill level 22 in Stealth
   140 | D        | Reached XP level 8. HP: 37/37 MP: 9/9
   141 | D        | Killed a centaur warrior
   141 | D        | Reached skill level 15 in Dodging
   153 | D        | Noticed a hornet
   156 | D        | Killed a hornet
   156 | D        | Reached * piety under Trog
   156 | D        | Reached skill level 23 in Stealth
   156 | D        | Reached XP level 9. HP: 41/41 MP: 10/10
   159 | D        | Noticed an oklob plant
   349 | D        | Noticed a deep troll
   351 | D        | Killed a deep troll
   351 | D        | Reached skill level 5 in Short Blades
   359 | D        | Found Mumeh's Armour Emporium.
   365 | D        | Bought the +0 buckler of the Ward {rN+ Int+4 Slay+3} for
                  | 513 gold pieces
   388 | D        | Noticed Sonja
   391 | D        | Killed Sonja
   391 | D        | Reached ** piety under Trog
   408 | D        | Found Ecran's Food Boutique.
   544 | D        | Killed a gargoyle
   773 | D        | Noticed a kobold demonologist
   774 | D        | Noticed a kobold demonologist
   776 | D        | Reached skill level 1 in Shields
   778 | D        | Killed a kobold demonologist
   780 | D        | Killed a kobold demonologist
   780 | D        | Reached *** piety under Trog
   786 | D        | Noticed a demonic crawler
   786 | D        | Noticed a demonic crawler
   786 | D        | Noticed a demonic crawler
   786 | D        | Noticed a demonic crawler
   894 | D        | HP: 3/72 [oklob plant/splash of acid (17)]
   894 | D        | Splashed by an oklob plant's acid

Skill      XL: |  1  2  3  4  5  6  7  8  9 |
---------------+----------------------------+-----
Stealth        | 10 14 18 20 21 22 23 | 23.8
Dodging        | 6 12 15 | 15.4
Short Blades   | 4 7 |  7.7
Fighting       | 6 |  6.1
Shields        | 3 |  3.1
Throwing       | |  2.0

Action                   |  1- 3 |  4- 6 |  7- 9 || total
-------------------------+-------+-------+-------++-------
Melee: Dagger            |     2 |     4 |    35 ||    41
 Fire: Blowgun           |     5 |       |       ||     5
Invok: Berserk           |       |       |     1 ||     1
       Trog's Hand       |       |       |     1 ||     1
  Use: Scroll            |       |       |     1 ||     1
 Stab: Sleeping          |     1 |     4 |     9 ||    14
Dodge: Dodged            |     5 |       |     2 ||     7
